 Dungeon Crawl Stone Soup version 0.31-a0-1616-gbeaec30b81 (webtiles) character file.

Game seed: 4585864204544234521

6549 Xavori the Thaumaturge (level 11, -7/81 HPs)
             Began as a Djinni Chaos Knight on Jan 11, 2024.
             Was a Plaything of Xom.
             Mangled by Erolcha
             ... wielding a +0 giant spiked club
              (23 damage)
             ... on level 9 of the Dungeon.
             The game lasted 00:14:17 (19675 turns).

Xavori the Thaumaturge (Djinni Chaos Knight)       Turns: 19675, Time: 00:14:18

Health: -7/81      AC: 10    Str: 11    XL:     11   Next: 20%
Gold:   543        EV: 16    Int: 12    God:    Xom [..*...] SH:  5 Dex: 17

rFire   + + .        a - +0 falchion (chaos)
rCold   x . .        (no shield)
rNeg    . . .        b - +3 leather armour
rPois   ∞            (no helmet)
rElec   .            (no cloak)
rCorr   .            C - +0 pair of gloves
SInv    .            (boots unavailable)
Will    ++...        z - amulet of reflection
Stlth   +            (no ring)
HPRegen 0.33/turn    (no ring)
MPRegen 0.00/turn

%: reflection, infuse magic (-8 HP)
@: flying
A: sickness immunity, fire resistance 2, cold vulnerability 1, float, innate
caster, HP casting, extra vitality 1, iridescent scales 1, dopey 1,
strong-willed 1, inability to drink after injury 1
a: Renounce Religion


You were on level 9 of the Dungeon.
You worshipped Xom.
You were a toy of Xom.
You visited 1 branch of the dungeon, and saw 9 of its levels.

You collected 543 gold pieces.

Inventory:

Hand Weapons
 a - a +0 falchion of chaos (weapon)
Missiles
 u - a throwing net (quivered)
Armour
 b - a +3 leather armour (worn)
 C - a +0 pair of gloves (worn)
Jewellery
 z - an amulet of reflection (around neck)
Wands
 e - a wand of paralysis (5)
 r - a wand of light (18)
 x - a wand of roots (20)
Scrolls
 c - a scroll of butterflies
 f - a scroll of fog
 g - a scroll of revelation
 h - 3 scrolls of enchant armour
 j - 7 scrolls of identify
 k - a scroll of immolation
 m - 2 scrolls of blinking
 o - 4 scrolls of enchant weapon
 p - a scroll of torment
 y - 3 scrolls of teleportation
 B - a scroll of vulnerability
Potions
 d - 4 potions of curing
 i - 4 potions of invisibility {unknown}
 l - 3 potions of brilliance {unknown}
 n - 2 potions of magic {unknown}
 q - 3 potions of resistance {unknown}
 s - 3 potions of haste {unknown}
 t - 2 potions of ambrosia {unknown}
 w - 2 potions of heal wounds {unknown}
 A - 2 potions of mutation {unknown}


   Skills:
 + Level 7.8 Fighting
 + Level 7.1 Long Blades
 + Level 7.2 Armour
 + Level 8.1 Dodging
 * Level 8.2 Spellcasting
 * Level 8.2 Conjurations
 * Level 8.2 Hexes
   Level 0.0 Charms
 * Level 8.2 Summonings
 * Level 8.2 Necromancy
 * Level 8.2 Translocations
   Level 0.0 Transmutations
 * Level 8.2 Fire Magic
 * Level 8.2 Ice Magic
 * Level 8.2 Air Magic
 * Level 8.2 Earth Magic
 * Level 8.2 Alchemy


You knew the following spells:

 Your Spells              Type           Power      Damage    Failure   Level
a - Freeze                Ice            96%        1d10      1%          1
b - Ensorcelled Hibernat  Hex/Ice        48%        N/A       1%          2
c - Passwall              Erth           24%        N/A       1%          3
d - Tukima's Dance        Hex            24%        N/A       1%          3
e - Brom's Barrelling Bo  Conj/Erth      24%        2d5       6%          4
Your spell library was empty.

Dungeon Overview and Level Annotations

Branches:
Dungeon (9/15)             Temple (0/1) D:4             Orc (0/2) D:9
   Lair: D:8-11

Altars:
Dithmenos
Makhleb
Qazlal
Wu Jian
Xom
Yredelemnul
The Shining One

Annotations:
D:9 Erolcha


Innate Abilities, Weirdness & Mutations

You are immune to sickness and miasma.
You are immune to poison.
Your flesh is very heat resistant. (rF++)
You are vulnerable to cold. (rC-)
You float through the air rather than walking.
You learn spells naturally, not from books.
Your magical power is your life essence.
You have superior vitality. (+4 MHP)
You are partially covered in iridescent scales. (AC +2)
You are dopey. (Int -2)
You are strong-willed. (Will+)
You occasionally lose the ability to drink potions when taking damage.


Message History

You hit the killer bee but do no damage.
The killer bee misses you. The killer bee closely misses you.
Your eldritch tentacle slaps the killer bee but does no damage.
Your eldritch tentacle misses the killer bee.
You closely miss the killer bee. Your punch misses the killer bee.
The killer bee barely misses you.
Your eldritch tentacle slaps the killer bee!!
The killer bee dies!
You block the killer bee's attack.
You barely miss the killer bee. You block the killer bee's attack.
Your eldritch tentacle slaps the killer bee!
The killer bee seems to grow stronger.
Your eldritch tentacle claws the killer bee!
The killer bee dies!
Things that are here:
a killer bee corpse; a killer bee corpse No target in view!
No target in view!
Your eldritch tentacle suddenly becomes enraged!
The eldritch tentacle slaps you!! The eldritch tentacle misses you.
Things that are here:
a killer bee corpse; a killer bee corpse You start resting.
Erolcha the Cunning comes into view.
She is wielding a +0 giant spiked club.
An eldritch tentacle is nearby!
Erolcha shouts!
Erolcha gestures wildly while chanting.
Erolcha flickers and vanishes!
Deactivating autopickup; reactivate with Ctrl-A.
You hear some strange, mumbled words.
A fireball appears from out of thin air!
The fireball explodes!
The fireball engulfs you! You resist.
You hit something but do no damage. Something barely misses you.
You miss something. You hit something. You freeze something.
Something hits you!!
* * * LOW HITPOINT WARNING * * *
You closely miss something.
The portal closes; the eldritch tentacle is severed.
The eldritch tentacle writhes!
Something hits you!!
You die...

.... ####.$ ∆ ....# . #..# ∆ .
#...###..##### #######....
.............###.....{....
#..............#.#####.##.
.......(.#.#.###.#
......b.......##@# .#.
..............##.# ....
.................# ..#
...........#..##.##..###
.........................
............................
.#**
.........#.#...<...............
,
......................#.##.....
*
.....#..##.#...#.##...#.##...#.


There were no monsters in sight!

Vanquished Creatures
  Pikel (D:8)
  Psyche (D:9)
  Prince Ribbit (D:5)
  A hornet (D:7)
  5 yaks
  A wyvern (D:7)
  A spriggan (D:8)
  Menkaure (D:4)
  A water moccasin (D:7)
  2 ice beasts
  3 sky beasts
  An orc warrior (D:8)
  A black bear (D:8)
  2 ogres
  A centaur (D:8)
  A lemure (D:8)
  A kobold brigand (D:9)
  2 bullfrogs
  4 scorpions
  2 wights (D:8)
  17 killer bees
  5 electric eels (D:7)
  3 howler monkeys
  2 bombardier beetles
  2 hounds
  A gnoll bouda (D:4)
  4 jellies
  2 iguanas
  A sleepcap (D:7)
  2 orc wizards (D:6)
  9 gnolls
  9 adders
  2 shadow imps
  2 ribbon worms
  A dart slug (D:4)
  17 orcs
  4 ball pythons
  4 bats
  4 endoplasms
  7 goblins
  9 hobgoblins
  3 quokkas
  2 frilled lizards
  8 kobolds
  4 rats
157 creatures vanquished.

Vanquished Creatures (collateral kills)
  2 yaks (D:7)
  2 lemures (D:8)
  4 wights (D:8)
  3 killer bees
  2 orc priests (D:8)
  An orc wizard (D:8)
  A white imp (D:8)
  3 orcs (D:8)
  A kobold (D:9)
19 creatures vanquished.

Vanquished Creatures (others)
  A bullfrog zombie (D:8)
  An orc wizard (D:7)
  An orc (D:7)
  A boulder (D:9)
4 creatures vanquished.

Grand Total: 180 creatures vanquished

Notes
Turn   | Place    | Note
-------+----------+-------------------------------------------
     0 | D:1      | Xavori the Djinni Chaos Knight began the quest for the Orb.
     0 | D:1      | Reached XP level 1. HP: 20/20 MP: 0/0
   491 | D:1      | Reached XP level 2. HP: 25/25 MP: 0/0
   592 | D:1      | XOM: silly message
  1058 | D:1      | XOM: draining
  1062 | D:1      | XOM: cloud trail
  1474 | D:1      | XOM is BORED!
  1634 | D:1      | XOM: noise
  1787 | D:1      | XOM: god gift: 55 gold pieces
  1847 | D:1      | XOM: scenery: summon butterflies
  1861 | D:1      | XOM: polymorph butterfly -> frilled lizard
  2101 | D:1      | XOM: scenery: create altars
  2955 | D:1      | XOM: summons 2 hostile demons
  2956 | D:1      | XOM: butterfly on damage
  3097 | D:2      | XOM: 1-stop teleportation journey
  3157 | D:2      | Reached XP level 3. HP: 24/28 MP: 0/0
  3157 | D:2      | Learned a level 1 spell: Freeze
  3260 | D:2      | Reached skill level 1 in Spellcasting
  3260 | D:2      | Reached skill level 1 in Conjurations
  3260 | D:2      | Reached skill level 1 in Hexes
  3260 | D:2      | Reached skill level 1 in Summonings
  3260 | D:2      | Reached skill level 1 in Necromancy
  3260 | D:2      | Reached skill level 1 in Translocations
  3260 | D:2      | Reached skill level 1 in Fire Magic
  3260 | D:2      | Reached skill level 1 in Ice Magic
  3260 | D:2      | Reached skill level 1 in Air Magic
  3260 | D:2      | Reached skill level 1 in Earth Magic
  3260 | D:2      | Reached skill level 1 in Alchemy
  3288 | D:2      | XOM: 1-stop teleportation journey
  3292 | D:2      | You are sucked into a shaft and drop 1 floor!
  3342 | D:3      | XOM: butterfly on damage
  3728 | D:2      | XOM: summons 2 hostile shadow creatures
  3802 | D:2      | XOM: stat loss: -1 Dex (13/14)
  4155 | D:1      | XOM: cloud trail
  5582 | D:1      | XOM: give mutation
  5582 | D:1      | Gained mutation: You are partially covered in iridescent
                  | scales. (AC +2) [Xom's grace]
  6176 | D:1      | XOM: divination: detect creatures
  6879 | D:1      | XOM: god gift: 8 stones
  8332 | D:1      | XOM: god gift: scimitar {god gift}
  9316 | D:1      | XOM: divination: detect creatures
  9378 | D:1      | XOM: noise
  9608 | D:1      | XOM: silly message
  9656 | D:1      | XOM is BORED!
  9656 | D:1      | XOM: noise
 10740 | D:1      | XOM: god gift: ring mail {god gift}
 11818 | D:1      | XOM: cloud trail
 11943 | D:1      | XOM is BORED!
 12156 | D:3      | XOM: 4-stop teleportation journey
 12229 | D:3      | Found a burning altar of Makhleb.
 12401 | D:4      | XOM: confuse monster(s)
 12407 | D:4      | Reached XP level 4. HP: 34/35 MP: 0/0
 12504 | D:4      | Found a stormy altar of Qazlal.
 12513 | D:4      | Found a glowing golden altar of the Shining One.
 12528 | D:4      | XOM: butterfly on damage
 12573 | D:4      | Noticed Menkaure
 12580 | D:4      | Killed Menkaure
 12581 | D:4      | Reached XP level 5. HP: 40/40 MP: 0/0
 12581 | D:4      | Learned a level 2 spell: Ensorcelled Hibernation
 12673 | D:4      | Reached XP level 6. HP: 46/46 MP: 0/0
 12673 | D:4      | Found a staircase to the Ecumenical Temple.
 12684 | D:4      | XOM: god gift: +2 glaive of protection
 12843 | D:4      | XOM: polymorph giant cockroach -> hobgoblin
 12936 | D:4      | XOM: give mutations
 12936 | D:4      | Gained mutation: You occasionally lose the ability to drink
                  | potions when taking damage. [Xom's mischief]
 12936 | D:4      | Gained mutation: You are dopey. (Int -2) [Xom's mischief]
 12936 | D:4      | Gained mutation: You have supernaturally acute eyesight.
                  | (SInv) [Xom's mischief]
 13169 | D:3      | XOM: give mutation
 13169 | D:3      | Gained mutation: You are strong-willed. (Will+) [Xom's
                  | grace]
 13310 | D:4      | XOM: silly message
 13340 | D:4      | XOM: silly message
 13347 | D:4      | XOM: divination: magic mapping
 13350 | D:4      | XOM: potion effect (might)
 13437 | D:5      | Entered Level 5 of the Dungeon
 13441 | D:5      | Found an ornate altar of the Wu Jian Council.
 13465 | D:5      | Reached XP level 7. HP: 46/51 MP: 0/0
 13465 | D:5      | Learned a level 3 spell: Passwall
 13487 | D:5      | XOM: silly message
 13570 | D:5      | XOM: divination: detect creatures
 13576 | D:5      | XOM: potion effect (might)
 13576 | D:5      | Noticed Prince Ribbit
 13579 | D:5      | XOM: cast spell 'Summon Small Mammal'
 13590 | D:5      | XOM: potion effect (experience)
 13590 | D:5      | Reached skill level 5 in Armour
 13590 | D:5      | Reached XP level 8. HP: 28/62 MP: 0/0
 13596 | D:5      | XOM: potion effect (curing)
 13654 | D:4      | XOM: noise
 13866 | D:5      | XOM: enchant monster (good)
 13885 | D:5      | Killed Prince Ribbit
 13899 | D:5      | XOM: silly message
 14134 | D:5      | Reached XP level 9. HP: 58/67 MP: 0/0
 14134 | D:5      | Learned a level 3 spell: Tukima's Dance
 14270 | D:5      | XOM: summons 1 hostile demon
 14843 | D:6      | Found a basalt altar of Yredelemnul.
 15058 | D:6      | XOM: noise
 15082 | D:6      | XOM: noise
 15445 | D:7      | XOM: confusion
 15448 | D:7      | HP: 1/67 [wyvern (10)]
 15677 | D:7      | XOM: 1-stop teleportation journey
 15703 | D:7      | Noticed a hornet
 15714 | D:7      | Killed a hornet
 15778 | D:6      | XOM: summons 5 hostile demons
 16134 | D:7      | XOM: butterfly on damage
 16318 | D:7      | XOM: silly message
 16348 | D:7      | XOM: noise
 16352 | D:7      | Reached XP level 10. HP: 75/75 MP: 0/0
 16372 | D:7      | XOM: noise
 16441 | D:7      | XOM: potion effect (berserk rage)
 16443 | D:7      | XOM: silly message
 16659 | D:7      | XOM: give mutation
 16659 | D:7      | Lost mutation: You have supernaturally acute eyesight.
                  | (SInv) [Xom's mischief]
 16789 | D:7      | XOM: torment (39/75 hp)
 17328 | D:7      | XOM: noise
 17488 | D:7      | XOM: 1-stop teleportation journey
 17839 | D:8      | XOM: cleaving
 17840 | D:8      | XOM: cleaving
 17843 | D:8      | XOM: polymorph yak -> jelly
 18192 | D:8      | Noticed Pikel
 18214 | D:8      | XOM: summons 4 friendly demons
 18215 | D:8      | XOM: 5-stop teleportation journey
 18237 | D:8      | XOM: cleaving
 18240 | D:8      | XOM: summons 3 friendly demons
 18275 | D:8      | XOM: scenery: create altars
 18290 | D:8      | Killed Pikel
 18408 | D:8      | Found a shadowy altar of Dithmenos.
 18429 | D:8      | XOM: confuse monster(s)
 18524 | D:8      | XOM: noise
 18965 | D:8      | XOM: swap monsters
 18970 | D:8      | Reached XP level 11. HP: 80/80 MP: 0/0
 18970 | D:8      | Learned a level 4 spell: Brom's Barrelling Boulder
 19045 | D:9      | Noticed Psyche
 19046 | D:9      | Found a staircase to the Orcish Mines.
 19054 | D:9      | Killed Psyche
 19170 | D:9      | XOM: 2-stop teleportation journey
 19185 | D:9      | XOM: divination: magic mapping
 19192 | D:9      | XOM: polymorph yak -> yak
 19200 | D:9      | XOM: polymorph yak -> ribbon worm
 19223 | D:9      | XOM: summons 1 friendly demon
 19243 | D:9      | XOM: polymorph killer bee -> bat
 19247 | D:9      | XOM: cast spell 'Summon Small Mammal'
 19251 | D:9      | XOM: cast spell 'Chain of Chaos'
 19573 | D:9      | XOM: scenery: summon butterflies
 19607 | D:9      | XOM: enchant monster (bad)
 19610 | D:9      | XOM: divination: detect items
 19626 | D:9      | XOM: repel stairs
 19638 | D:9      | XOM: cast spell 'Malign Gateway'
 19656 | D:9      | Noticed Erolcha
 19675 | D:9      | Mangled by Erolcha

Illustrated notes

Levels and vault maps discovered:
D:1:      mushboom_english_gardens, layout_basic
D:2:      layout_loops_cross
D:3:      layout_rooms, amcnicky_altar_gilded
D:4:      layout_loops_ring, mainiacjoe_overflow_large_starburst,
          minmay_temple_entry_wispy, uniq_menkaure
D:5:      layout_basic, nicolae_wu_jian_wuxing_cycle, uniq_prince_ribbit1
D:6:      layout_basic, mainiacjoe_overflow_paths, kennysheep_generic_room_10
D:7:      layout_loops_ring, kennysheep_mini_moat, chequers_big_river
D:8:      layout_rooms, mainiacjoe_overflow_brackets, uniq_pikel
D:9:      layout_basic, orc_0_dummy, uniq_erolcha, uniq_psyche

Skill      XL: |  1  2  3  4  5  6  7  8  9 10 |
---------------+-------------------------------+-----
Spellcasting   | 1 2 6 7 8 |  8.2
Conjurations   | 1 2 6 7 8 |  8.2
Hexes          | 1 2 6 7 8 |  8.2
Summonings     | 1 2 6 7 8 |  8.2
Necromancy     | 1 2 6 7 8 |  8.2
Translocations | 1 2 6 7 8 |  8.2
Fire Magic     | 1 2 6 7 8 |  8.2
Ice Magic      | 1 2 6 7 8 |  8.2
Air Magic      | 1 2 6 7 8 |  8.2
Earth Magic    | 1 2 6 7 8 |  8.2
Alchemy        | 1 2 6 7 8 |  8.2
Long Blades    | 3 6 7 |  7.1
Armour         | 2 5 6 7 |  7.2
Dodging        | 3 6 7 8 |  8.1
Fighting       | 6 7 |  7.8

Action                     |  1- 3 |  4- 6 |  7- 9 | 10-12 || total
---------------------------+-------+-------+-------+-------++-------
  Melee: Falchion          |    96 |   116 |   241 |   389 ||   842
         Punch             |     3 |     5 |     4 |     8 ||    20
   Cast: Ensorcelled Hiber |       |     1 |       |     1 ||     2
         Tukima's Dance    |       |       |       |     5 ||     5
         Brom's Barrelling |       |       |       |     2 ||     2
  Evoke: Wand              |       |       |     2 |     3 ||     5
    Use: Scroll            |     2 |     1 |     7 |     2 ||    12
         Potion            |       |       |     1 |       ||     1
   Stab: Sleeping          |     2 |       |     1 |       ||     3
         Confused          |     2 |       |     2 |     8 ||    12
         Petrified         |       |     2 |       |     6 ||     8
         Paralysed         |       |     1 |     2 |       ||     3
         Invisible         |       |       |       |     3 ||     3
 Armour: Leather armour    |    58 |    78 |   164 |   250 ||   550
  Dodge: Dodged            |    63 |    94 |   202 |   355 ||   714
  Block: Other             |       |       |       |    88 ||    88
         Reflection        |       |       |       |     1 ||     1

Table legend: (Time is in decaauts)
 A = Elapsed time spent in this place.
 B = Non-inter-level travel time spent in this place.
 C = Inter-level travel time spent in this place.
 D = Time resting spent in this place.
 E = Time spent auto-exploring this place.
 F = Levels seen in this place.
 G = Mean time per level.
                   A        B        C        D        E       F      G
               +--------+--------+--------+--------+--------+-----+--------+
         Total |  19702 |  19429 |    273 |  12878 |   4679 |   9 | 2189.1 |
       Dungeon |  19702 |  19429 |    273 |  12878 |   4679 |   9 | 2189.1 |
               +--------+--------+--------+--------+--------+-----+--------+

Top non-repeatable levels by time:
     D:1: 11086 daAuts
     D:7: 2146 daAuts
     D:6: 1333 daAuts
     D:8: 1147 daAuts
     D:4: 1105 daAuts
     D:5: 837 daAuts
     D:2: 827 daAuts
     D:9: 635 daAuts
     D:3: 583 daAuts
